 Dungeon Crawl Stone Soup version 0.29.1-12-g30fa7ad0bf (webtiles) character file.

Game seed: 8606142322532271920

2423 112233 the Thaumaturge (level 9, -2/61 HPs)
             Began as a Mummy Necromancer on Dec 21, 2022.
             Slain by a yak (8 damage)
             ... on level 9 of the Dungeon.
             The game lasted 00:08:46 (7618 turns).

112233 the Thaumaturge (Mummy Necromancer)          Turns: 7618, Time: 00:08:46

Health: -2/61      AC:  7    Str: 11    XL:     9   Next: 24%
Magic:  0/23       EV: 12    Int: 19    God:
Gold:   282        SH:  0    Dex: 12    Spells: 16/28 levels left

rFire   x . .      SeeInvis .   g - +2 dagger (speed)
rCold   + . .      Faith    +   (no shield)
rNeg    + + +      Spirit   .   a - +0 robe
rPois   ∞          Reflect  .   j - +0 helmet
rElec   .          Harm     .   f - +1 cloak {rCorr}
rCorr   +          Rampage  .   m - +0 pair of gloves
Will    +....                   s - +0 pair of boots
Stlth   ++........              i - amulet of faith
HPRegen 0.20/turn               (no ring)
MPRegen 0.18/turn               (no ring)

@: animating dead
A: cold resistance 1, negative energy resistance 3, torment resistance 2, heat
vulnerability 1, in touch with death 1, no potions
a: no special abilities


You were on level 9 of the Dungeon.
You visited 2 branches of the dungeon, and saw 9 of its levels.

You collected 282 gold pieces.

Inventory:

Hand Weapons
 g - a +2 dagger of speed (weapon)
Missiles
 o - 6 datura-tipped darts
Armour
 a - a +0 robe (worn)
 f - a +1 cloak of preservation (worn)
 j - a +0 helmet (worn)
 m - a +0 pair of gloves (worn)
 q - a +0 tower shield
 s - a +0 pair of boots (worn)
Jewellery
 e - a ring of ice
 i - an amulet of faith (around neck)
Wands
 c - a wand of roots (14)
 k - a wand of paralysis (9)
 r - a wand of digging (6)
Scrolls
 b - 8 scrolls of identify
 d - 2 scrolls of vulnerability
 h - a scroll of enchant weapon
 l - a scroll of teleportation
 n - 2 scrolls of enchant armour
 p - a scroll of poison


   Skills:
 + Level 2.1 Fighting
 - Level 1.5 Dodging
 - Level 1.5 Stealth
 + Level 1.7 Shields
 + Level 10.4 Spellcasting
 + Level 9.4 Necromancy


You had 16 spell levels left.
You knew the following spells:

 Your Spells              Type           Power      Damage    Failure   Level
a - Necrotise             Necr           100%       1d9       1%          1
b - Vampiric Draining     Necr           62%        2d10      1%          3
c - Animate Dead          Necr           62%        N/A       1%          4
d - Dispel Undead         Necr           62%        3d22      1%          4

Your spell library contained the following spells:

 Spells                   Type           Power      Damage    Failure   Level
 Agony                    Necr           62%        N/A       4%          5
 Sting                    Tmut/Pois      36%        1d4       7%          1
 Poisonous Vapours        Pois/Air       18%        N/A       11%         2
 Static Discharge         Conj/Air       9%         3-5/arc   11%         2
 Olgreb's Toxic Radiance  Pois           9%         N/A       56%         4
 Sticky Flame             Conj/Fire      9%         2d3       56%         4
 Conjure Ball Lightning   Conj/Air       4%         3x3d6     100%        6
 Malign Gateway           Summ/Tloc      4%         N/A       100%        7
 Discord                  Hex            4%         N/A       100%        8
 Disjunction              Tloc           4%         N/A       100%        8
 Summon Horrible Things   Summ           4%         N/A       100%        8


Dungeon Overview and Level Annotations

Branches:
Dungeon (9/15)             Temple (1/1) D:6
   Lair: D:8-11         Orc: D:9-12

Altars:
Ashenzari
Cheibriados
Dithmenos
Fedhas
Hepliaklqana
Kikubaaqudgha
Qazlal
Ru
Sif Muna
Trog
Uskayaw
Vehumet

Shops:
D:2 *   D:9 (

Annotations:
D:2 1 runed translucent door, Crazy Yiuf
D:4 Edmund
D:5 Dowan, Duvessa


Innate Abilities, Weirdness & Mutations

You are immune to poison.
Your flesh is cold resistant. (rC+)
You are immune to negative energy. (rN+++)
You are immune to unholy pain and torment.
You are vulnerable to heat. (rF-)
You are in touch with the powers of death.
You do not drink.


Message History

Aim: a yak (heavily wounded, ally target)
You feel a surge of power!
You draw life force from the yak!
You feel life coursing into your body.
Your yak zombie gores the yak!
The yak dies!
Something gores your yak zombie.
Your Fighting skill increases to level 2!
Unknown command.
Something gores your yak zombie.
You start resting.
Something gores your yak zombie!
You start resting.
Something gores your yak zombie.
Your yak zombie is destroyed!
You start resting.
Your yak zombie gores the yak!
Casting: Vampiric Draining (safe; 1% risk of failure)
Confirm with . or Enter, or press ? or * to list all spells.
You don't have enough magic to cast this spell.
Unknown command.
Casting: Vampiric Draining (safe; 1% risk of failure)
Confirm with . or Enter, or press ? or * to list all spells.
You don't have enough magic to cast this spell.
Casting: Vampiric Draining (safe; 1% risk of failure)
Confirm with . or Enter, or press ? or * to list all spells.
Aiming: Necrotise (safe; 1% risk of failure)
Press: ? - help, Shift-Dir - straight line, f - yak
Aim: a yak (moderately wounded, ally target, chance to affect: 83%)
You feel a surge of power!
The yak barely resists.
The yak gores you!
* * * LOW HITPOINT WARNING * * *
Your yak zombie gores the yak!
Unknown command.
Unknown command.
Aiming: Paralyse
Press: ? - help, Shift-Dir - straight line, f/p - yak
Aim: a yak (heavily wounded, ally target, chance to affect: 49%)
The yak resists with some effort.
The yak gores you but does no damage.
Unknown command.
Aiming: Paralyse
Press: ? - help, Shift-Dir - straight line, f/p - yak
Aim: a yak (heavily wounded, ally target, chance to affect: 49%)
The yak resists with some effort.
Your yak zombie gores the yak!
The yak gores you!
You die...

## ##.. . #..# .
#..# #. #.. #.#
#.# #..###.#
#...<.# ###.YZ#
##...#@#
##.(#.#.#
#######..##.#.#
###......[###.#.#
.......#).###.#.#
≈≈≈≈≈≈..[..##.#.#
≈≈≈≈≈≈.....##.#.#
##≈≈.....##.#.#
#≈≈.....##.#.#


You could see a yak (ally target) and a friendly yak zombie.

Vanquished Creatures
  A hornet (D:8)
  A vampire (D:9)
  2 yaks
  2 wyverns (D:9)
  A steam dragon (D:5)
  2 orc warriors (D:9)
  A black bear (D:6)
  A centaur (D:5)
  A phantom (D:5)
  A necrophage (D:5)
  2 scorpions
  2 electric eels (D:9)
  A howler monkey (D:6)
  A jelly (D:6)
  2 hounds
  A gnoll bouda (D:5)
  3 orc priests
  2 orc wizards (D:9)
  2 iguanas (D:6)
  Robin (D:2)
  6 adders
  3 gnolls (D:5)
  A shadow imp (D:6)
  2 white imps
  2 worms
  3 dart slugs
  16 orcs
  5 ball pythons
  3 endoplasms
  4 giant cockroaches
  12 goblins
  8 hobgoblins
  6 jackals
  4 quokkas
  2 bats (D:3)
  2 frilled lizards (D:1)
  3 kobolds (D:1)
  3 rats
115 creatures vanquished.

Vanquished Creatures (collateral kills)
  A yak (D:9)
1 creature vanquished.

Vanquished Creatures (others)
  A yak zombie (D:9)
  A fungus (D:4)
  A plant (D:4)
3 creatures vanquished.

Grand Total: 119 creatures vanquished

Notes
Turn   | Place    | Note
-------+----------+-------------------------------------------
     0 | D:1      | 112233 the Mummy Necromancer began the quest for the Orb.
     0 | D:1      | Reached XP level 1. HP: 13/13 MP: 4/4
   167 | D:1      | Reached skill level 3 in Spellcasting
   281 | D:1      | Reached XP level 2. HP: 19/19 MP: 4/6
   546 | D:1      | Found a faded altar of an unknown god.
  1070 | D:2      | Found a broken altar of Ashenzari.
  1079 | D:2      | Noticed Robin
  1083 | D:2      | Gained mutation: You are in touch with the powers of death.
                  | [Mummy growth]
  1083 | D:2      | Reached XP level 3. HP: 24/24 MP: 4/8
  1123 | D:2      | Killed Robin
  1356 | D:2      | Found a runed translucent door.
  1357 | D:2      | Noticed Crazy Yiuf
  1593 | D:2      | Reached skill level 4 in Spellcasting
  1800 | D:2      | Found Tismupuoco's General Store.
  2011 | D:3      | Found a snail-covered altar of Cheibriados.
  2296 | D:3      | Reached XP level 4. HP: 30/30 MP: 7/10
  2581 | D:2      | Learned a level 3 spell: Vampiric Draining
  2586 | D:2      | Learned a level 4 spell: Dispel Undead
  2674 | D:3      | Reached skill level 5 in Necromancy
  3142 | D:4      | Found a stormy altar of Qazlal.
  3146 | D:4      | Found a blossoming altar of Fedhas.
  3610 | D:4      | Noticed Edmund
  3806 | D:4      | Reached XP level 5. HP: 35/35 MP: 9/12
  4349 | D:4      | Reached skill level 5 in Spellcasting
  4574 | D:5      | Entered Level 5 of the Dungeon
  4574 | D:5      | Noticed a phantom
  4577 | D:5      | Killed a phantom
  4654 | D:5      | Reached XP level 6. HP: 41/41 MP: 10/14
  4726 | D:5      | Reached skill level 6 in Spellcasting
  4841 | D:5      | Noticed a steam dragon
  4848 | D:5      | Killed a steam dragon
  4990 | D:5      | Noticed Duvessa
  5034 | D:5      | Noticed Dowan
  5304 | D:5      | Reached XP level 7. HP: 44/46 MP: 3/17
  5307 | D:5      | Reached skill level 7 in Spellcasting
  5720 | D:6      | Found a staircase to the Ecumenical Temple.
  5753 | Temple   | Entered the Ecumenical Temple
  5961 | D:6      | Reached skill level 8 in Spellcasting
  6373 | D:6      | Reached XP level 8. HP: 43/52 MP: 20/20
  6675 | D:6      | You fall into a shaft and drop 3 floors!
  6682 | D:9      | Found Uvegg's Antique Weapon Boutique.
  6816 | D:9      | Reached skill level 9 in Spellcasting
  7288 | D:9      | Reached skill level 10 in Spellcasting
  7434 | D:9      | Learned a level 4 spell: Animate Dead
  7504 | D:8      | Noticed a hornet
  7512 | D:8      | Killed a hornet
  7513 | D:8      | Reached skill level 1 in Fighting
  7513 | D:8      | Reached XP level 9. HP: 50/59 MP: 11/23
  7598 | D:8      | Reached skill level 1 in Shields
  7618 | D:9      | Slain by a yak

Illustrated notes

Levels and vault maps discovered:
D:1:      doesnt_arrival_eight_statues, layout_basic,
          nicolae_ecumenical_snake_handling
D:2:      layout_basic, basic_altar, serial_shops,
          nicolae_shop_advertising_works [nicolae_subvault_shop_adworks],
          uniq_crazy_yiuf_cottage, uniq_robin
D:3:      layout_loops_ring, cheibriados_altar_1, glass_columns_c
D:4:      layout_loops_ring, grunt_temple_overflow_forces_of_nature, uniq_edmund
D:5:      layout_rooms, nicolae_sextant, minivault_27, minmay_misc_feat_tiny,
          uniq_duvessa
D:6:      layout_basic, minmay_temple_entry_tees
D:8:      layout_cave_pools, david_lair_generic, kb_lookout_dungeons_type,
          minmay_the_grid_2x2 [minmay_the_grid_plusring,
          minmay_the_grid_minigrid_small, minmay_the_grid_dragon_a,
          minmay_the_grid_prize_four_corners_diamond_a]
D:9:      layout_rooms, erik_orc_2, serial_shops, shop
Temple:   nicolae_temple_bog_church

Skill      XL: |  1  2  3  4  5  6  7  8  9 |
---------------+----------------------------+-----
Spellcasting   | 3 4 5 6 8 10 | 10.4
Necromancy     | 5 6 7 9 |  9.4
Fighting       | 1 2 |  2.1
Shields        | 1 |  1.7
Dodging        | |  1.5
Stealth        | |  1.5

Action                   |  1- 3 |  4- 6 |  7- 9 || total
-------------------------+-------+-------+-------++-------
Melee: Dagger            |     9 |    46 |    54 ||   109
 Cast: Necrotise         |    76 |    52 |    40 ||   168
       Vampiric Draining |       |    20 |    44 ||    64
       Dispel Undead     |       |     2 |     2 ||     4
       Animate Dead      |       |       |     2 ||     2
Evoke: Wand              |       |       |     2 ||     2
  Use: Scroll            |       |     9 |       ||     9
 Stab: Sleeping          |     1 |       |       ||     1
Armor: Robe              |     5 |    21 |    19 ||    45
Dodge: Dodged            |    18 |    45 |    44 ||   107
